 Dungeon Crawl Stone Soup version 0.22.0-60-ga52c2fc (webtiles) character file.

3046 Anon1729 the Cleaver (level 9, -9/82 HPs)
             Began as a Naga Gladiator on Sept 10, 2018.
             Was an Elder of Uskayaw.
             Mangled by a yak (13 damage)
             ... on level 8 of the Dungeon.
             The game lasted 00:13:09 (8819 turns).

Anon1729 the Cleaver (Naga Gladiator)               Turns: 8819, Time: 00:13:09

Health: -9/82      AC:  9    Str: 16    XL:     9   Next: 87%
Magic:  11/14      EV:  6    Int: 12    God:    Uskayaw [****..]
Gold:   324        SH:  0    Dex: 13    Spells: 8/8 levels left

rFire    . . .     SeeInvis +   g - +0 battleaxe (curse)
rCold    + . .     Gourm    .   (shield currently unavailable)
rNeg     + . .     Faith    .   z - +0 chain mail
rPois    +         Spirit   .   c - +0 helmet
rElec    .         Reflect  .   (no cloak)
rCorr    .         Harm     .   (no gloves)
MR       +....                  (no barding)
Stlth    ..........             (no amulet)
HPRegen  0.23/turn              e - ring of positive energy
MPRegen  0.14/turn              I - ring of protection from cold

@: short of breath, very slow
A: large, see invisible, deformed body, poison resistance, slowness 2, slow
metabolism 1, spit poison 1, AC +3
a: Spit Poison, Stomp, Line Pass, Renounce Religion


You were on level 8 of the Dungeon.
You worshipped Uskayaw.
Uskayaw was noncommittal.
You were not hungry.

You visited 2 branches of the dungeon, and saw 9 of its levels.

You collected 324 gold pieces.

Inventory:

Hand Weapons
 a - a +0 war axe
 g - a cursed +0 battleaxe (weapon)
 F - a +0 demon trident
Missiles
 d - 5 throwing nets (quivered)
Armour
 b - a +0 leather armour
 c - a +0 helmet (worn)
 z - a +0 chain mail (worn)
 B - a +0 scale mail
Jewellery
 e - a ring of positive energy (left hand)
 m - an uncursed ring of resist corrosion
 I - a ring of protection from cold (right hand)
Wands
 v - a wand of polymorph (9)
 x - a wand of digging (11)
 y - a wand of scattershot (5)
 E - a wand of disintegration (7)
 G - a wand of paralysis (9)
 H - a wand of acid (6)
Scrolls
 i - 6 scrolls of identify {unknown}
 j - a scroll of enchant weapon {unknown}
 l - 2 scrolls of magic mapping {unknown}
 n - 2 scrolls of fear {unknown}
 o - a scroll of noise {unknown}
 p - 3 scrolls of remove curse {unknown}
 q - 2 scrolls of amnesia {unknown}
 r - 3 scrolls of teleportation {unknown}
 u - 3 scrolls of fog {unknown}
 w - 2 scrolls of immolation {unknown}
Potions
 h - a potion of invisibility {unknown}
 k - a potion of curing {unknown}
 s - a potion of agility {unknown}
 t - a potion of lignification {unknown}
 A - 3 potions of brilliance {unknown}
 C - a potion of mutation {unknown}
 D - 2 potions of degeneration {unknown}
Comestibles
 f - 19 rations


   Skills:
 + Level 6.0 Fighting
 * Level 8.7 Axes
 - Level 2.0 Throwing
 + Level 4.5 Armour
 - Level 3.0 Dodging
 * Level 7.1 Invocations


You had 8 spell levels left.
You didn't know any spells.
Your spell library contained the following spells:

 Spells                   Type           Power        Failure   Level  Hunger
 Freeze                   Ice            #...         99%         1    ##.....
 Throw Frost              Conj/Ice       #.....       100%        2    ###....
 Ozocubu's Armour         Chrm/Ice       #.......     100%        3    ####...
 Summon Ice Beast         Ice/Summ       #.......     100%        4    #####..
 Throw Icicle             Conj/Ice       #.......     100%        4    #####..


Dungeon Overview and Level Annotations

Branches:
Dungeon (8/15)             Temple (1/1) D:5
   Lair: D:8-11

Altars:
Ashenzari
Cheibriados
Dithmenos
Elyvilon
Fedhas
Gozag
Hepliaklqana
Kikubaaqudgha
Makhleb
Nemelex Xobeh
Okawaru
Qazlal
Ru
Sif Muna
Trog
Uskayaw
Vehumet
Wu Jian
Xom
Yredelemnul
Zin
The Shining One

Shops:
D:7 (


Innate Abilities, Weirdness & Mutations

You cannot wear boots.
Your serpentine skin is tough. (AC +3)
You have supernaturally acute eyesight. (SInv)
Armour fits poorly on your strangely shaped body.
Your system is resistant to poisons. (rPois)
You cover ground very slowly.
You have a slow metabolism.
You can spit poison.


Message History

Your Invocations skill increases to level 7!
You hit the yak.
The yak is heavily wounded.
The yak gores you!
* * * LOW HITPOINT WARNING * * *
Unknown command.
You stomp with the beat, sending a shockwave through the revelers around you!
The yak is severely wounded.
You feel somewhat more hungry.
The yak is no longer sharing its pain.
The yak gores you.
* * * LOW HITPOINT WARNING * * *
Uskayaw will force your foes to share their pain.
Unknown command.
Unknown command.
Evoke which item? (* to show all) (? for menu, Esc to quit)
Aiming: Disintegrate
Press: ? - help, Shift-Dir - straight line, f - yak
Aim: a yak (severely wounded, chance to defeat MR: 65%)
The yak is blasted.
The yak gores you!
You die...

...
#..##....######..####.###
####
#..##...................#
#.o##....####............
#..##....####.#..########
#...'...(....c.... ......
....#...(####.#.. ######
.###....# #.... ####Y#
#.... #@# #...# #.... #†#
#...# #.... #(# #...#
...... #.# #...# ##....
#.# #...# #.... #.# #...#
#.... #.###...######....
#.................
#.####.###########


You could see a yak.

Vanquished Creatures
  Harold (D:7)
  A spriggan (D:7)
  2 wyverns
  3 yaks
  An orc warrior (D:6)
  A phantom (D:7)
  A sky beast (D:7)
  An ogre (D:6)
  2 centaurs
  A bullfrog (D:8)
  2 scorpions (D:8)
  A howler monkey (D:6)
  2 crimson imps
  A jelly (D:8)
  3 bullfrog skeletons
  A hound (D:8)
  4 iguanas
  3 orc wizards
  4 worker ants
  A howler monkey zombie (D:8)
  4 gnolls
  13 adders
  A shadow imp (D:7)
  2 oozes
  An adder skeleton (D:6)
  A worm (D:2)
  6 leopard geckos
  10 orcs
  A bat (D:2)
  2 giant cockroaches
  8 goblins
  5 hobgoblins
  A ball python zombie (D:5)
  3 frilled lizards
  6 kobolds
  A leopard gecko zombie (D:6)
  4 rats
105 creatures vanquished.

Notes
Turn   | Place    | Note
-------+----------+-------------------------------------------
     0 | D:1      | Anon1729 the Naga Gladiator began the quest for the Orb.
     0 | D:1      | Reached XP level 1. HP: 19/19 MP: 1/1
   104 | D:1      | Reached XP level 2. HP: 13/26 MP: 2/2
   860 | D:2      | Reached XP level 3. HP: 31/32 MP: 3/3
  1806 | D:3      | Found a faded altar of an unknown god.
  1809 | D:3      | Reached skill level 1 in Armour
  1827 | D:3      | Reached XP level 4. HP: 26/40 MP: 4/4
  2480 | D:4      | Reached skill level 4 in Axes
  2488 | D:4      | Reached XP level 5. HP: 18/48 MP: 5/5
  2874 | D:4      | Found a shattered altar of Ashenzari.
  3456 | D:4      | Reached XP level 6. HP: 51/56 MP: 6/6
  3797 | D:5      | Entered Level 5 of the Dungeon
  4007 | D:5      | Reached skill level 5 in Axes
  4432 | D:5      | Found a staircase to the Ecumenical Temple.
  4593 | D:5      | Reached XP level 7. HP: 63/63 MP: 7/7
  4615 | Temple   | Entered the Ecumenical Temple
  4758 | Temple   | Became a worshipper of Uskayaw the Reveler
  4920 | D:5      | Reached * piety under Uskayaw
  4924 | D:5      | Reached ** piety under Uskayaw
  5161 | D:6      | Reached skill level 1 in Invocations
  5282 | D:6      | Reached skill level 6 in Axes
  5808 | D:7      | Noticed a wyvern
  5817 | D:7      | Killed a wyvern
  5817 | D:7      | Reached XP level 8. HP: 13/73 MP: 2/10
  6186 | D:7      | Noticed Harold
  6728 | D:7      | Reached *** piety under Uskayaw
  6733 | D:7      | Killed Harold
  6733 | D:7      | Reached skill level 5 in Fighting
  6733 | D:7      | Reached skill level 7 in Axes
  6733 | D:7      | Reached skill level 5 in Invocations
  6733 | D:7      | Reached XP level 9. HP: 79/81 MP: 10/12
  8147 | D:7      | Reached skill level 8 in Axes
  8275 | D:7      | Found an iron altar of Okawaru.
  8384 | D:7      | Found Nupsiss's Antique Weapon Emporium.
  8813 | D:8      | Reached **** piety under Uskayaw
  8818 | D:8      | HP: 4/82 [yak (6)]
  8819 | D:8      | Mangled by a yak

Skill      XL: |  1  2  3  4  5  6  7  8  9 |
---------------+----------------------------+-----
Throwing       | 2 |  2.0
Armour         | 1 2 3 4 |  4.5
Axes           | 4 5 6 7 8 |  8.7
Dodging        | 3 |  3.0
Fighting       | 3 4 5 6 |  6.0
Invocations    | 3 5 7 |  7.1

Action                   |  1- 3 |  4- 6 |  7- 9 || total
-------------------------+-------+-------+-------++-------
Melee: War axe           |    82 |   153 |    83 ||   318
       Unarmed           |       |       |    17 ||    17
       Battleaxe         |       |       |   159 ||   159
Throw: Throwing net      |       |       |     1 ||     1
Invok: Stomp             |       |       |     8 ||     8
 Abil: Spit Poison       |     1 |     6 |    19 ||    26
Evoke: Wand              |       |       |    12 ||    12
  Use: Potion            |       |       |     1 ||     1
 Stab: Distracted        |       |       |     1 ||     1
       Confused          |       |       |     4 ||     4
       Paralysed         |       |       |     1 ||     1
  Eat: Chunk             |     2 |     8 |     9 ||    19
       Ration            |       |       |     1 ||     1
Armor: Leather armour    |    23 |    51 |    15 ||    89
       Chain mail        |       |       |    98 ||    98
       Skin              |       |       |     3 ||     3
Dodge: Dodged            |    48 |   101 |   115 ||   264
